 Dungeon Crawl Stone Soup version 0.18-a0-46-g45ca8e4 (webtiles) character file.

474 4thArraOfDagon the Skirmisher (level 7, -2/52 HPs)
             Began as an Octopode Assassin on Nov 6, 2015.
             Killed from afar by Dowan (7 damage)
             ... with a puff of flame
             ... on level 6 of the Dungeon.
             The game lasted 00:05:21 (845 turns).

4thArraOfDagon the Skirmisher (Octopode Assassin)    Turns: 845, Time: 00:05:21

Health: -2/52      AC:  1    Str: 11    XL:     7   Next: 10%
Magic:  10/10      EV: 12    Int: 15    God:
Gold:   48         SH:  0    Dex: 13    Spells: 0 memorised, 6 levels left

rFire  . . .     SeeInvis .     b - +0 blowgun
rCold  . . .     Clarity  .     (no shield)
rNeg   . . .     SustAt   .     (helmet restricted)
rPois  .         Gourm    .     q - amulet of rage
rElec  .         Spirit   .     (no ring)
rCorr  .         Warding  .     (no ring)
rMut   .         Stasis   .     (no ring)
MR     .....                    (no ring)
Stlth  ++........               (no ring)
                                (no ring)
                                (no ring)
                                (no ring)

@: glowing, not resistant to hostile enchantments, unstealthy
A: almost no armour, amphibious, 8 rings, constrict 8, camouflage 1, gelatinous
body 1
a: Evoke Berserk Rage


You were on level 6 of the Dungeon.
You were hungry.

You visited 1 branch of the dungeon, and saw 6 of its levels.

You collected 48 gold pieces.

Inventory:

Hand Weapons
 a - a +2 dagger
 b - a +0 blowgun (weapon)
 i - a +1 dagger of draining
 m - a +2 dagger of protection
 r - a +0 war axe
Missiles
 c - 5 poisoned needles (quivered)
Jewellery
 q - an amulet of rage (around mantle)
Scrolls
 g - 2 scrolls of identify
 h - a scroll of teleportation
 l - a scroll of fog
 p - 5 scrolls of remove curse
 t - a scroll of recharging
Potions
 f - a potion of mutation {unknown}
 n - 2 potions of curing
 o - a potion of brilliance
 u - a potion of heal wounds {unknown}
Comestibles
 e - 2 bread rations
 j - a beef jerky
 k - 8 chunks of flesh
 s - a meat ration


   Skills:
 + Level 6.1 Fighting
 - Level 2.0 Short Blades
 - Level 2.0 Throwing
 - Level 1.6 Dodging
 - Level 5.3 Stealth
 + Level 4.0 Evocations


You had 6 spell levels left.
You didn't know any spells.

Dungeon Overview and Level Annotations

Branches:
Dungeon (6/15)
 Temple: D:4-7

Altars:
Elyvilon
Fedhas
Kikubaaqudgha

Annotations:
D:6 Dowan, Duvessa


Innate Abilities, Weirdness & Mutations

You cannot wear most types of armour.
You are amphibious.
You can wear up to eight rings at the same time.
You can use your tentacles to constrict eight enemies at once.
Your skin changes colour to match your surroundings (Stealth).
Your rubbery body absorbs attacks (AC +1).


Message History

You shoot a curare-tipped needle. The curare-tipped needle hits Duvessa.
Duvessa is poisoned.
Duvessa convulses.
Duvessa seems to slow down.
Duvessa is lightly wounded.
Dowan hits you with a dagger.
* * * LOW HITPOINT WARNING * * *
Unknown command.
Firing (i - inventory. (,) - cycle):
d - a curare-tipped needle (quivered)
Press: ? - help, Shift-Dir - straight line, f - Dowan, p - Duvessa
Aim: Dowan, wielding a dagger and wearing a robe (almost dead)
You shoot a curare-tipped needle.
The curare-tipped needle barely misses Dowan.
Duvessa hits you with an enchanted rapier.
* * * LOW HITPOINT WARNING * * *
Dowan hits you with a dagger.
* * * LOW HITPOINT WARNING * * *
Unknown command.
Unknown command.
Dowan gestures at you while chanting. The puff of flame hits you!
You die...

# #.. ...# #...
...# #.... ...+
#>...#####...#
#........#...##
#......@.#....+
#........#....#
#.......ee....#
#....>...#...##
#........#...#
#........#....#
#........#...(#
#####........#....#
.............#....#


You could see Duvessa and Dowan.

Vanquished Creatures
  An ogre (D:4)
  A crimson imp (D:5)
  A giant frog skeleton (D:6)
  A hound (D:4)
  2 orc priests
  4 orc wizards
  2 worker ants
  A hound skeleton (D:6)
  2 adders (D:6)
  2 worms
  A giant gecko (D:4)
  6 orcs
  2 bats (D:2)
  3 giant cockroaches
  2 goblins
  2 hobgoblins (D:2)
  3 jackals (D:1)
  A quokka (D:4)
  A kobold (D:3)
  2 rats
40 creatures vanquished.

Notes
Turn   | Place    | Note
--------------------------------------------------------------
     0 | D:1      | 4thArraOfDagon the Octopode Assassin began the quest for the Orb.
     0 | D:1      | Reached XP level 1. HP: 14/14 MP: 1/1
   140 | D:2      | Reached XP level 2. HP: 16/20 MP: 2/2
   324 | D:3      | Found a blossoming altar of Fedhas.
   324 | D:3      | Found an ancient bone altar of Kikubaaqudgha.
   398 | D:3      | Found a white marble altar of Elyvilon.
   421 | D:4      | Noticed an ogre
   435 | D:4      | Killed an ogre
   435 | D:4      | Reached XP level 3. HP: 23/27 MP: 3/3
   435 | D:4      | Reached XP level 4. HP: 28/34 MP: 4/4
   487 | D:4      | Reached skill level 1 in Evocations
   487 | D:4      | Reached XP level 5. HP: 36/38 MP: 5/5
   489 | D:4      | Reached skill level 5 in Fighting
   534 | D:5      | Entered Level 5 of the Dungeon
   632 | D:5      | Reached XP level 6. HP: 25/45 MP: 7/7
   792 | D:6      | Reached skill level 6 in Fighting
   805 | D:6      | Reached XP level 7. HP: 39/52 MP: 8/10
   828 | D:6      | Noticed Duvessa
   828 | D:6      | Noticed Dowan
   845 | D:6      | Killed from afar by Dowan

Vault maps used:
D:1:      wheals_arrival_linesprint, hangedman_feature_mirror
D:2:      grunt_gozag_breadcrumbs, uniq_iyjb
D:3:      grunt_temple_overflow_growth_and_decay, vehumet_altar_wand_db,
          yredelemnul_forgotten_temple_becter, elyvilon_altar_5, first_bread,
          lightli_sewer_entry_pipes, ecumenical_altar_1, st_stairs_12,
          grunt_decor_clamped
D:4:      grunt_temple_overflow_open, kennysheep_potato
D:5:      okawaru_gym_becter, nicolae_ossuary_entry_catacombs, xom_teletrap_fun
D:6:      sigmund_army, uniq_duvessa

Action                   |  1- 3 |  4- 6 |  7- 9 || total
-------------------------+-------+-------+-------++-------
Melee: Dagger            |    28 |    42 |     6 ||    76
 Fire: Blowgun           |     7 |     3 |     3 ||    13
 Abil: Evoke Berserk Rag |       |     1 |       ||     1
  Use: Scroll            |       |     8 |       ||     8
       Potion            |       |       |     1 ||     1
 Stab: Sleeping          |     7 |     9 |     2 ||    18
